 Dungeon Crawl Stone Soup version 0.30-a0-1114-gd936c97349 (webtiles) character file.

Game seed: 7710023287559954372

989 leviel the Trooper (level 8, -5/59 (71) HPs)
             Began as a Hill Orc Fighter on Apr 20, 2023.
             Slain by Duvessa
             ... wielding a +0 short sword
              (14 damage)
             ... on level 5 of the Dungeon.
             The game lasted 00:05:37 (4027 turns).

leviel the Trooper (Hill Orc Fighter)               Turns: 4027, Time: 00:05:38

HP:   -5/59 (71)    AC: 17    Str: 19    XL:     8   Next: 18%
MP:   8/8           EV:  6    Int: 10    God:
Gold: 301           SH:  0    Dex: 10    Spells: 7/7 levels left

rFire   . . .      SeeInvis .    j - +3 quarterstaff (chaos)
rCold   . . .      Faith    .    (shield currently unavailable)
rNeg    . . .      Spirit   .    d - +0 plate armour
rPois   .          Reflect  .    (no helmet)
rElec   .          Rampage  .    i - +0 cloak
rCorr   .                        (no gloves)
Will    .....                    (no boots) Stlth
                                 (no amulet)
HPRegen 0.29/turn                e - +4 ring of protection
MPRegen 0.11/turn                (no ring)

@: brilliant, lit by a corona, attractive, glowing, heavily drained
A: no striking features
a: no special abilities


You were on level 5 of the Dungeon.
You visited 1 branch of the dungeon, and saw 6 of its levels.

You collected 301 gold pieces.

Inventory:

Hand Weapons
 a - a +0 war axe
 j - a +3 quarterstaff of chaos (weapon)
Armour
 c - a +0 buckler
 d - a +0 plate armour (worn)
 i - a +0 cloak (worn)
Jewellery
 e - a +4 ring of protection (left hand)
Wands
 l - a wand of flame (19)
Scrolls
 b - a scroll of identify {@r1}
 h - a scroll of fog
 k - a scroll of amnesia
Potions
 f - a potion of curing
 g - a potion of attraction
 n - a potion of mutation {unknown}


   Skills:
 + Level 6.5 Fighting
 - Level 4.3 Axes
 + Level 3.1 Staves
 + Level 6.0 Armour
 + Level 2.7 Dodging
 - Level 4.5 Shields


You had 7 spell levels left.
You didn't know any spells.
Your spell library contained the following spells:

 Spells                   Type           Power      Damage    Failure   Level
 Sandblast                Erth           0%         2d4       100%        1
 Shock                    Conj/Air       0%         1d3       100%        1
 Mephitic Cloud           Conj/Pois/Air  0%         N/A       100%        3
 Stone Arrow              Conj/Erth      0%         3d7       100%        3
 Swiftness                Air            0%         N/A       100%        3
 Airstrike                Air            0%         2d(0-16)  100%        4
 Animate Armour           Summ/Erth      0%         N/A       100%        4
 Leda's Liquefaction      Hex/Erth       0%         N/A       100%        4
 Arcjolt                  Conj/Air       0%         1d10      100%        5
 Lehudib's Crystal Spear  Conj/Erth      0%         10d2      100%        8


Dungeon Overview and Level Annotations

Branches:
Dungeon (6/15)             Temple (0/1) D:5

Altars:
Hepliaklqana
Sif Muna
Uskayaw
Wu Jian
Xom
Zin

Shops:
D:4 *

Annotations:
D:5 Dowan, Duvessa


Message History

You hit Duvessa.
Duvessa goes berserk!
Duvessa is heavily wounded.
The centaur barely misses you. The centaur closely misses you.
Duvessa hits you with a +0 short sword! Dowan hits you but does no damage.
You feel drained.
The centaur hits you but does no damage.
The centaur kicks you but does no damage.
Duvessa barely misses you.
You hit Duvessa.
Duvessa is severely wounded.
The centaur hits you but does no damage.
The centaur kicks you but does no damage.
Duvessa hits you with a +0 short sword!
* * * LOW HITPOINT WARNING * * *
Dowan barely misses you.
The centaur hits you but does no damage.
The centaur kicks you but does no damage.
You sock Duvessa!
Duvessa suddenly seems more agile.
Duvessa is severely wounded.
Duvessa hits you with a +0 short sword!
* * * LOW HITPOINT WARNING * * *
Dowan hits you but does no damage.
You feel drained.
The centaur barely misses you. x2; Duvessa hits you but does no damage.
You hit Duvessa.
Nothing appears to happen.
Duvessa is almost dead.
The centaur hits you but does no damage.
The centaur kicks you but does no damage.
Duvessa hits you but does no damage. Dowan barely misses you.
The centaur hits you but does no damage.
The centaur kicks you but does no damage.
Duvessa hits you but does no damage. Dowan hits you but does no damage.
You feel drained.
Really quaff the potion of attraction? [Y]es or [N]o only, please.
Really quaff the potion of attraction?
Okay, then.
You feel better.
The centaur hits you but does no damage.
The centaur barely misses you. Duvessa hits you with a +0 short sword!
You die...

.........#####..#
###............##
#.....####...# #
####### ###.# ##
#.### .##
##########...#
..###.......##.#.##
...##.#####.#######
..###.#####.# ##@##
Z.###.##....##8cee8#
.........##.##.....#
#.###Z#####.#8..?..8#
#.# #..ZZ...##.....##
..# ######.###8.$.8#
### #.# #.....# #Z#
8.....8 #.#


You could see Duvessa (berserk, agile), Dowan and a centaur.

Vanquished Creatures
  2 ice beasts
  A phantom (D:5)
  4 scorpions (D:5)
  2 howler monkeys
  Crazy Yiuf (D:2)
  2 hounds (D:5)
  3 iguanas
  Natasha (D:2)
  7 gnolls
  4 adders
  A white imp (D:5)
  2 ufetubi
  A worm (D:2)
  5 dart slugs
  12 orcs
  4 bats
  3 endoplasms
  8 goblins
  9 hobgoblins
  4 quokkas
  6 ball pythons
  7 frilled lizards
  7 kobolds
  4 rats
100 creatures vanquished.

Vanquished Creatures (others)
  15 plants (D:4)
15 creatures vanquished.

Grand Total: 115 creatures vanquished

Notes
Turn   | Place    | Note
-------+----------+-------------------------------------------
     0 | D:1      | leviel the Hill Orc Fighter began the quest for the Orb.
     0 | D:1      | Reached XP level 1. HP: 19/19 MP: 1/1
   175 | D:1      | Reached XP level 2. HP: 27/27 MP: 2/2
   389 | D:1      | Found a faded altar of an unknown god.
   501 | D:2      | Reached XP level 3. HP: 33/33 MP: 3/3
   573 | D:2      | Reached XP level 4. HP: 19/41 MP: 4/4
   938 | D:2      | Noticed Natasha
   947 | D:2      | Killed Natasha
   948 | D:2      | Reached XP level 5. HP: 47/47 MP: 5/5
   953 | D:2      | Found a runed translucent door.
   954 | D:2      | Noticed Crazy Yiuf
  1324 | D:2      | Killed Crazy Yiuf
  1842 | D:3      | Reached skill level 5 in Fighting
  1842 | D:3      | Reached XP level 6. HP: 56/56 MP: 6/6
  2279 | D:4      | Found Emair Jash's Overcharged Wands.
  2290 | D:4      | Reached skill level 1 in Staves
  2394 | D:4      | Found a hide-covered altar of Uskayaw.
  2925 | D:5      | Entered Level 5 of the Dungeon
  2977 | D:5      | Reached skill level 1 in Dodging
  2982 | D:5      | Reached skill level 5 in Armour
  3145 | D:5      | Reached XP level 7. HP: 61/61 MP: 7/7
  3192 | D:5      | Got the Secrets of the Apothecary
  3204 | D:5      | Found a glowing silver altar of Zin.
  3205 | D:5      | Found a shimmering blue altar of Sif Muna.
  3502 | D:5      | Found a staircase to the Ecumenical Temple.
  3699 | D:5      | Reached XP level 8. HP: 68/71 MP: 8/8
  3756 | D:5      | Found a shimmering altar of Xom.
  3757 | D:5      | Found a hazy altar of Hepliaklqana.
  3758 | D:5      | Noticed a spectral ugly thing
  3966 | D:6      | Found an ornate altar of the Wu Jian Council.
  3991 | D:6      | Noticed Dowan
  3993 | D:6      | Noticed Duvessa
  4025 | D:5      | HP: 2/61 [Duvessa/+0 short sword (14)]
  4027 | D:5      | Slain by Duvessa

Illustrated notes

Levels and vault maps discovered:
D:1:      lemuel_arrival_room, layout_basic,
          hellmonk_ecumenical_altar_arch_garden, hangedman_feature_mirror,
          minmay_ruptured
D:2:      layout_loops_ring, uniq_crazy_yiuf_cottage, uniq_natasha
D:3:      layout_rooms
D:4:      layout_basic, eat_drink_and_be_merry_uskayaw, serial_bayou_lagoon_a,
          nicolae_shop_overcharged_wands
D:5:      layout_loops_cross, regret_index_temple_of_mockery,
          nicolae_overflow_hidden_temple, mainiacjoe_overflow_divided_tiny,
          minmay_temple_entry_trees, kennysheep_path_1, kennysheep_cross_room,
          glass_columns_b
D:6:      minmay_klotski, layout_cave_pools, mainiacjoe_overflow_alcove_2,
          mainiacjoe_overflow_boulevard, uniq_duvessa

Skill      XL: |  1  2  3  4  5  6  7  8 |
---------------+-------------------------+-----
Axes           | 3 4 |  4.3
Fighting       | 4 5 6 |  6.5
Armour         | 4 5 6 |  6.0
Shields        | 4 |  4.5
Staves         | 1 3 |  3.1
Dodging        | 1 2 |  2.7

Action                     |  1- 3 |  4- 6 |  7- 9 || total
---------------------------+-------+-------+-------++-------
  Melee: War axe           |    72 |    74 |       ||   146
         Quarterstaff      |       |    95 |    64 ||   159
    Use: Potion            |     1 |       |     4 ||     5
         Scroll            |       |     8 |       ||     8
   Stab: Paralysed         |       |     1 |     1 ||     2
 Armour: Scale mail        |    53 |     2 |       ||    55
         Plate armour      |       |   148 |   109 ||   257
  Dodge: Dodged            |    45 |    57 |    48 ||   150
  Block: Buckler           |    21 |    11 |       ||    32

Table legend: (Time is in decaauts)
 A = Elapsed time spent in this place.
 B = Non-inter-level travel time spent in this place.
 C = Inter-level travel time spent in this place.
 D = Time resting spent in this place.
 E = Time spent auto-exploring this place.
 F = Levels seen in this place.
 G = Mean time per level.
                   A        B        C        D        E       F      G
               +--------+--------+--------+--------+--------+-----+--------+
         Total |   4137 |   4012 |    125 |    315 |   2933 |   6 |  689.5 |
       Dungeon |   4137 |   4012 |    125 |    315 |   2933 |   6 |  689.5 |
               +--------+--------+--------+--------+--------+-----+--------+

Top non-repeatable levels by time:
     D:2: 1355 daAuts
     D:5: 1023 daAuts
     D:4: 801 daAuts
     D:1: 499 daAuts
     D:3: 364 daAuts
     D:6: 92 daAuts
